 Dungeon Crawl Stone Soup version 0.30.0-29-ga12c61a403 (webtiles) character file.

Game seed: 14998220004716067320

203 Fodor the Covered (level 5, -2/47 HPs)
             Began as a Minotaur Fighter on June 9, 2023.
             Was a Believer of Kikubaaqudgha.
             Slain by a crimson imp (3 damage)
             ... summoned by Eustachio
             ... on level 4 of the Dungeon.
             The game lasted 00:20:51 (2939 turns).

Fodor the Covered (Minotaur Fighter)                Turns: 2939, Time: 00:20:52

Health: -2/47      AC:  9    Str: 20      XL:     5   Next: 51%
Magic:  4/4        EV:  8    Int:  5      God:    Kikubaaqudgha [**....]
Gold:   110        SH:  9    Dex:  4 (12) Spells: 4/4 levels left

rFire   . . .        a - +0 long sword
rCold   . . .        c - +0 buckler
rNeg    . . .        o - +0 chain mail
rPois   .            (helmet restricted)
rElec   .            (no cloak)
rCorr   +            (no gloves)
SInv    .            (no boots)
Will    .....        r - amulet of reflection Stlth
                     m - ring of resist corrosion
HPRegen 0.27/turn    (no ring)
MPRegen 0.09/turn

%: reflection
@: no status effects
A: horns 2, retaliatory headbutt
a: Renounce Religion, Unearth Wretches


You were on level 4 of the Dungeon.
You worshipped Kikubaaqudgha.
Kikubaaqudgha was pleased with you.
You visited 1 branch of the dungeon, and saw 4 of its levels.

You collected 110 gold pieces.

Inventory:

Hand Weapons
 a - a +0 long sword (weapon)
Missiles
 b - a poisoned dart (quivered)
 l - 21 stones
 s - 5 boomerangs
Armour
 c - a +0 buckler (worn)
 o - a +0 chain mail (worn)
Magical Staves
 g - a staff of earth
Jewellery
 m - a ring of resist corrosion (left hand)
 p - a ring of wizardry
 r - an amulet of reflection (around neck)
Scrolls
 h - a scroll of teleportation {unknown}
 j - a scroll of fog {unknown}
 q - a scroll of magic mapping {unknown}
 t - a scroll of enchant armour {unknown}
Potions
 d - a potion of might
 e - a potion of degeneration {unknown}
 f - 2 potions of flight {unknown}
 i - 2 potions of resistance {unknown}
 k - a potion of brilliance


   Skills:
 + Level 4.5 Fighting
 + Level 4.5 Long Blades
 + Level 0.2 Throwing
 + Level 4.8 Armour
 + Level 1.1 Dodging
 + Level 4.5 Shields


You had 4 spell levels left.
You didn't know any spells.
Your spell library contained the following spells:

 Spells                   Type           Power      Damage    Failure   Level
 Necrotise                Necr           0%         1d4       99%         1
 Slow                     Hex            0%         N/A       99%         1
 Cigotuvi's Dreadful Rot  Necr/Pois/Air  0%         N/A       100%        2
 Sublimation of Blood     Necr           0%         N/A       100%        2
 Confusing Touch          Hex            0%         N/A       100%        3
 Vampiric Draining        Necr           0%         2d6       100%        3
 Animate Dead             Necr           0%         N/A       100%        4


Dungeon Overview and Level Annotations

Branches:
Dungeon (4/15)
 Temple: D:4-7

Altars:
Kikubaaqudgha
Ru
Yredelemnul

Shops:
D:4 *

Annotations:
D:4 Eustachio


Innate Abilities, Weirdness & Mutations

You have a pair of horns on your head.
You reflexively headbutt those who attack you in melee.


Message History

The quasit is lightly wounded.
The quasit disappears in a puff of smoke!
You block the bat's attack. The bat barely misses you.
The rat closely misses you. You block Eustachio's attack.
Unknown command.
You closely miss the bat. The bat closely misses you.
The bat hits you but does no damage. The rat bites you but does no damage.
Eustachio hits you with a +0 rapier.
* * * LOW HITPOINT WARNING * * *
The bat hits you but does no damage.
Throw: 2 darts (poison)
Press: ? - help, Q - select action, (/) - cycle Shift-Dir - straight line, f/p - Eustachio
Aim: Eustachio, wielding a +0 rapier and wearing a +0 leather armour (almost dead, 38% to hit)
You throw a poisoned dart.
The poisoned dart closely misses Eustachio.
The bat barely misses you. The bat hits you but does no damage.
The rat bites you but does no damage. Eustachio closely misses you.
You block the crimson imp's attack.
You miss Eustachio.
Eustachio is almost dead.
You block the bat's attack. The rat closely misses you.
Eustachio hits you with a +0 rapier.
* * * LOW HITPOINT WARNING * * *
The river rat bites you but does no damage.
The crimson imp hits you.
* * * LOW HITPOINT WARNING * * *
The bat closely misses you. The rat barely misses you.
You closely miss Eustachio. Your headbutt misses Eustachio.
Eustachio is almost dead.
The bat barely misses you.
Eustachio gestures wildly while chanting.
Eustachio blinks!
The river rat closely misses you. You furiously retaliate!
You headbutt the river rat.
The crimson imp blinks!
You block the rat's attack. The river rat bites you.
* * * LOW HITPOINT WARNING * * *
You hit the crimson imp.
The crimson imp is moderately wounded.
You block the bat's attack. The crimson imp hits you.
You die...
Kikubaaqudgha rasps: "You have failed me!
Welcome... death!"

...(.....####'##♣♣.P♣.......
........))....'..♣.♣♣.......
..............#.........†...
...##....##...#..........)..
### #....##...##...##♣♣.♣♣..
#....#....##...##♣..♣♣..
......#..........#♣P..♣..
.......##b5.##....#♣P.P♣#.
..##....##@r.##....#♣♣.♣♣#.
.. #....##r5.......#.<.....
.b........#.......
$......... #.......
..@........ #....##.
.........5.. #∩...##.
........##... #....#..
....##...# ..( #....#..
.....#..


You could see Eustachio, an iron imp (summoned), 2 crimson imps, a river rat
(summoned), 2 bats and a rat (summoned).

Vanquished Creatures
  A scorpion (D:4)
  A human zombie (D:3)
  Robin (D:2)
  2 adders
  2 worms (D:3)
  A dart slug (D:1)
  3 endoplasms
  5 giant cockroaches
  12 goblins
  7 hobgoblins
  10 jackals (D:1)
  4 kobolds
  6 quokkas
  4 ball pythons
  A bat (D:2)
  6 frilled lizards
  A goblin zombie (D:3)
  4 rats
  A spectral hobgoblin (D:2)
72 creatures vanquished.

Notes
Turn   | Place    | Note
-------+----------+-------------------------------------------
     0 | D:1      | Fodor the Minotaur Fighter began the quest for the Orb.
     0 | D:1      | Reached XP level 1. HP: 19/19 MP: 0/0
   235 | D:1      | Reached XP level 2. HP: 22/27 MP: 1/1
   618 | D:1      | Reached XP level 3. HP: 29/33 MP: 2/2
  1086 | D:2      | Found a sacrificial altar of Ru.
  1336 | D:2      | Identified the +1 helmet of Idealism {Int+5 Stlth+}
  1336 | D:2      | Noticed Robin
  1364 | D:2      | Killed Robin
  1486 | D:2      | Reached XP level 4. HP: 40/40 MP: 3/3
  1565 | D:2      | Found a faded altar of an unknown god.
  1579 | D:2      | Prayed at the altar of an unknown god.
  1579 | D:2      | Became a worshipper of Kikubaaqudgha
  1579 | D:2      | Reached * piety under Kikubaaqudgha
  1579 | D:2      | Received a gift from Kikubaaqudgha
  2245 | D:3      | Found a runed translucent door.
  2245 | D:3      | Noticed a human
  2252 | D:3      | Found a basalt altar of Yredelemnul.
  2276 | D:3      | Reached skill level 1 in Dodging
  2440 | D:3      | Reached XP level 5. HP: 19/47 MP: 4/4
  2684 | D:4      | Found Yluur's General Store.
  2728 | D:4      | Reached ** piety under Kikubaaqudgha
  2747 | D:4      | Noticed Eustachio
  2937 | D:4      | HP: 1/47 [crimson imp[Eustachio] (2)]
  2939 | D:4      | Slain by a crimson imp

Illustrated notes

Levels and vault maps discovered:
D:1:      lightli_arrival_farm, layout_basic, chequers_serial_rivers_large_a,
          kennysheep_crisscross
D:2:      layout_loops_cross, dreamdust_ecumenical_altar_drowned_temple,
          basic_altar, nicolae_elevator_lobby_plus, uniq_robin
D:3:      layout_rooms, dk_yredelemnul_ordeal
D:4:      layout_gridville, serial_shops, shop, shop,
          nicolae_shop_tiny_statue_garden, serial_forest,
          infiniplex_forest_straight_4, infiniplex_forest_clump_C,
          infiniplex_forest_clump_small, infiniplex_forest_straight_2,
          infiniplex_forest_zigzag_1, infiniplex_forest_diagonal,
          infiniplex_forest_diagonal, infiniplex_forest_clump_C, uniq_eustachio,
          uniq_grinder

Skill      XL: |  1  2  3  4 |
---------------+-------------+-----
Shields        | 4 |  4.5
Armour         | 4 |  4.8
Long Blades    | 3 4 |  4.5
Fighting       | 4 |  4.5
Dodging        | 1 |  1.1
Throwing       | |  0.2

Action                     |  1- 3 |  4- 6 || total
---------------------------+-------+-------++-------
  Melee: Long sword        |   107 |   200 ||   307
         Headbutt          |    15 |    26 ||    41
  Throw: Dart              |       |     8 ||     8
    Use: Potion            |       |     3 ||     3
 Armour: Scale mail        |    37 |       ||    37
         Chain mail        |    16 |   213 ||   229
  Dodge: Dodged            |    59 |   184 ||   243
  Block: Buckler           |    27 |   220 ||   247
